 Seeded DCSS version 0.28-a0-845-gfc338a8e3c (webtiles) character file.

Game seed: 20211113 (custom seed)

431 a11behringer the Ruffian (level 6, 0/47 HPs)
             Began as a Draconian Transmuter on Nov 13, 2021.
             Was an Initiate of Wu Jian.
             Slain by Pikel (2 damage)
             ... on level 5 of the Dungeon.
             The game lasted 00:19:56 (5163 turns).

a11behringer the Ruffian (Draconian Transmuter)     Turns: 5163, Time: 00:19:57

Health: 0/47       AC:  7    Str: 12    XL:     6   Next: 67%
Magic:  10/10      EV: 12    Int: 16    God:    Wu Jian [......]
Gold:   129        SH:  0    Dex: 11    Spells: 8/11 levels left

rFire   . . .      SeeInvis .     - Unarmed
rCold   . . .      Faith    .   (no shield)
rNeg    . . .      Spirit   .   (armour unavailable)
rPois   .          Reflect  .   (helmet restricted)
rElec   .          Harm     .   (no cloak)
rCorr   .          Rampage  .   (no gloves)
Will    .....                   g - +0 pair of boots
Stlth   ++........              (no amulet)
HPRegen 0.15/turn               (no ring)
MPRegen 0.12/turn               (no ring)

@: no status effects
A: AC +6, unfitting armour, cold-blooded
a: Renounce Religion


You were on level 5 of the Dungeon.
You worshipped Wu Jian.
Wu Jian was noncommittal.
You visited 2 branches of the dungeon, and saw 6 of its levels.

You collected 204 gold pieces.
You spent 75 gold pieces at shops.

Inventory:

Hand Weapons
 c - a +2 dagger of protection
 j - a +2 vorpal flail
Missiles
 f - 3 boomerangs
Armour
 a - a +0 tower shield
 g - a +0 pair of boots (worn)
Wands
 d - a wand of iceblast (4)
 i - a wand of charming (12)
 r - a wand of flame (9)
Scrolls
 b - 2 scrolls of teleportation
 o - 2 scrolls of magic mapping
Potions
 e - 2 potions of curing
 h - 2 potions of degeneration
 k - 2 potions of experience
 l - a potion of invisibility {unknown}
 m - a potion of heal wounds
 n - a potion of resistance {unknown}
 p - a potion of flight {unknown}
 q - a potion of haste {unknown}
 s - a potion of might {unknown}


   Skills:
 + Level 1.4 Fighting
 + Level 2.7 Dodging
 + Level 1.5 Stealth
 + Level 5.1 Unarmed Combat
 + Level 3.1 Spellcasting
 * Level 4.0 Transmutations


You had 8 spell levels left.
You knew the following spells:

 Your Spells              Type           Power      Damage    Failure   Level
a - Beastly Appendage     Tmut           30%        N/A       3%          1
b - Wereblood             Tmut           15%        N/A       5%          2

Your spell library contained the following spells:

 Spells                   Type           Power      Damage    Failure   Level
 Passwall                 Tmut/Erth      6%         N/A       12%         2
 Spider Form              Tmut/Pois      8%         N/A       24%         3
 Blink                    Tloc           4%         N/A       28%         2
 Scorch                   Fire           4%         2d5       28%         2
 Gell's Gravitas          Tloc           2%         N/A       50%         3
 Lesser Beckoning         Tloc           2%         N/A       50%         3
 Swiftness                Air            2%         N/A       50%         3
 Teleport Other           Tloc           2%         N/A       50%         3
 Ice Form                 Ice/Tmut       8%         N/A       63%         4
 Flame Wave               Conj/Fire      2%         3d3       88%         4
 Manifold Assault         Tloc           2%         N/A       99%         5
 Dispersal                Tloc           1%         N/A       100%        6
 Summon Cactus Giant      Summ           1%         N/A       100%        6
 Storm Form               Tmut/Air       4%         N/A       100%        7


Dungeon Overview and Level Annotations

Branches:
Dungeon (5/15)             Temple (1/1) D:4

Altars:
Ashenzari
Cheibriados
Dithmenos
Elyvilon
Fedhas
Gozag
Hepliaklqana
Kikubaaqudgha
Makhleb
Nemelex Xobeh
Okawaru
Qazlal
Ru
Sif Muna
Trog
Uskayaw
Vehumet
Wu Jian
Xom
Yredelemnul
Zin
The Shining One

Shops:
D:5 *

Annotations:
D:5 Pikel


Innate Abilities, Weirdness & Mutations

Your plain brown scales are hard. (AC +6)
You cannot fit into any form of body armour.
You are cold-blooded and may be slowed by cold attacks.


Message History

Pikel is heavily wounded.
Your primal bloodlust is almost over.
Pikel barely misses you.
You hit Pikel. Your kick misses Pikel.
Pikel is heavily wounded.
Your horns disappear.
Your talons disappear.
Your +0 pair of boots unmelds from your body.
Pikel misses you.
You feel much better.
Pikel zaps a wand.
The puff of flame hits you.
You hit Pikel but do no damage.
Pikel is heavily wounded.
Pikel zaps a wand.
The puff of flame hits you.
You hit Pikel.
Pikel is severely wounded.
Pikel hits you but does no damage.
You closely miss Pikel.
Pikel is severely wounded.
You closely miss Pikel.
Your tail-slap misses Pikel.
Pikel is severely wounded.
Pikel zaps a wand.
The puff of flame hits you.
You punch Pikel!
Pikel is almost dead.
Your primal bloodlust has ended.
Pikel hits you with a +1 whip of flaming.
Pikel burns you.
You closely miss Pikel.
Pikel is almost dead.
Pikel hits you with a +1 whip of flaming!
* * * LOW HITPOINT WARNING * * *
Pikel burns you.
* * * LOW HITPOINT WARNING * * *
You hit Pikel but do no damage.
Pikel is almost dead.
Pikel completely misses you.
You hit Pikel but do no damage.
Pikel is almost dead.
Pikel hits you with a +1 whip of flaming.
* * * LOW HITPOINT WARNING * * *
Pikel burns you.
You die...

### ##### ..# #...# ********
..###...###############***,,,,,,,
..'............).......,,,,,,,,,>
..###..(.##############*,,,,,,,*,
### #..#.### #...# *,**,****,
##...∩..###.#@# **,,,,*,,,,
#...#.#..÷).#K#*****,,,,,*,***
####...[.......#55.K.5..,,,,,,***
................5...5...,,**,,,,,
######'#.......#####5...,,,*,***,
#####.#....)......*,##.,,,*,,,,,
#...#.#.[.......#.*,**********,*
##.#.#.###[......#,*,*,,,,,,,,,,*
...#........#.##.#,*,*,**********


You could see Pikel and 3 lemures.

Vanquished Creatures
  A black bear (D:4)
  2 hounds
  A centaur skeleton (D:4)
  A jelly (D:4)
  3 iguanas
  Ijyb (D:5)
  A hound skeleton (D:4)
  5 adders
  3 dart slugs
  An orc (D:5)
  6 endoplasms
  5 giant cockroaches
  5 goblins
  4 hobgoblins
  9 jackals
  3 quokkas
  4 ball pythons
  A bat (D:2)
  4 frilled lizards
  8 kobolds
  3 rats
71 creatures vanquished.

Notes
Turn   | Place    | Note
-------+----------+-------------------------------------------
     0 | D:1      | a11behringer the Draconian Transmuter began the quest for
                  | the Orb.
     0 | D:1      | Reached XP level 1. HP: 16/16 MP: 3/3
   176 | D:1      | Reached XP level 2. HP: 16/23 MP: 3/5
  1353 | D:2      | Reached XP level 3. HP: 28/28 MP: 4/6
  1957 | D:3      | Learned a level 2 spell: Wereblood
  2516 | D:3      | Reached skill level 4 in Unarmed Combat
  2516 | D:3      | Reached XP level 4. HP: 33/35 MP: 5/7
  2575 | D:3      | Found a sacrificial altar of Ru.
  3085 | D:4      | Identified the +5 scale mail of a ziggurat {Will+ Dex+3
                  | Slay-6}
  3263 | D:4      | Reached XP level 5. HP: 39/40 MP: 8/8
  3285 | D:4      | Noticed a black bear
  3291 | D:4      | Killed a black bear
  3292 | D:4      | Reached skill level 1 in Stealth
  3361 | D:4      | Found a staircase to the Ecumenical Temple.
  3368 | Temple   | Entered the Ecumenical Temple
  3894 | Temple   | Became a worshipper of the Wu Jian Council
  4091 | D:4      | Reached XP level 6. HP: 42/47 MP: 10/10
  4553 | D:5      | Entered Level 5 of the Dungeon
  4736 | D:5      | Found Dublez's Assorted Antiques.
  4759 | D:5      | Reached skill level 5 in Unarmed Combat
  4764 | D:5      | Bought a scroll labelled XUEGEAHITI for 25 gold pieces
  4764 | D:5      | Bought a scroll labelled VUACOTH DOBLIN for 25 gold pieces
  4764 | D:5      | Bought a scroll labelled BISHOO ELAIXKU for 25 gold pieces
  4807 | D:5      | Noticed Ijyb
  4821 | D:5      | Killed Ijyb
  5131 | D:5      | Noticed Pikel
  5163 | D:5      | HP: 2/47 [Pikel (5)]
  5163 | D:5      | Slain by Pikel

Illustrated notes

Levels and vault maps discovered:
D:1:      minmay_arrival_four_loops, layout_loops_ring
D:2:      layout_loops_ring, serial_forest, infiniplex_forest_clump_medium,
          infiniplex_forest_straight_1, infiniplex_forest_straight_2,
          infiniplex_forest_split
D:3:      layout_basic, mainiacjoe_overflow_boulevard
D:4:      layout_cave_pods, minmay_temple_entry_fiery, minivault_19,
          minmay_misc_feat_square, nrook_campfire
D:5:      layout_basic, serial_shops, nicolae_shop_crystal,
          minmay_misc_feat_nine_boxes, uniq_pikel, uniq_ijyb, uniq_grinder
Temple:   mainiacjoe_temple_starburst

Skill      XL: |  1  2  3  4  5  6 |
---------------+-------------------+-----
Dodging        | 2 |  2.7
Unarmed Combat | 4 5 |  5.1
Transmutations | 3 4 |  4.0
Stealth        | 1 |  1.5
Spellcasting   | 3 |  3.1
Fighting       | |  1.4

Action                   |  1- 3 |  4- 6 || total
-------------------------+-------+-------++-------
Melee: Unarmed           |   103 |   149 ||   252
       Kick              |    16 |    23 ||    39
       Headbutt          |     8 |    15 ||    23
       Tailslap          |     6 |    11 ||    17
       Punch             |       |     3 ||     3
 Cast: Beastly Appendage |    25 |    14 ||    39
       Wereblood         |       |     1 ||     1
Invok: Lunge             |       |     8 ||     8
  Use: Scroll            |     5 |     7 ||    12
       Potion            |       |     2 ||     2
 Stab: Sleeping          |     1 |     3 ||     4
Armor: Skin              |    20 |    29 ||    49
Dodge: Dodged            |    53 |    87 ||   140

Table legend: (Time is in decaauts)
 A = Elapsed time spent in this place.
 B = Non-inter-level travel time spent in this place.
 C = Inter-level travel time spent in this place.
 D = Time resting spent in this place.
 E = Time spent auto-exploring this place.
 F = Levels seen in this place.
 G = Mean time per level.
                   A        B        C        D        E       F      G
               +--------+--------+--------+--------+--------+-----+--------+
         Total |   5161 |   4417 |    744 |      0 |   3792 |   6 |  860.2 |
       Dungeon |   4570 |   3964 |    606 |      0 |   3360 |   5 |  914.0 |
        Temple |    590 |    452 |    138 |      0 |    432 |   1 |  590.0 |
               +--------+--------+--------+--------+--------+-----+--------+

Top non-repeatable levels by time:
     D:3: 1151 daAuts
     D:2: 1028 daAuts
     D:4: 906 daAuts
     D:1: 878 daAuts
     D:5: 604 daAuts
  Temple: 590 daAuts
